 Dungeon Crawl Stone Soup version 0.27.1-1-g398f81649c (webtiles) character file.

Game seed: 17025890413721080747

14460 BOMJPIETVODKU the Geomancer (level 12, -1/74 HPs)
             Began as an Octopode Earth Elementalist on Sept 7, 2021.
             Was an Elder of Vehumet.
             Slain by a vampire mosquito (10 damage)
             ... on level 12 of the Dungeon on Sept 8, 2021.
             The game lasted 00:45:28 (17103 turns).

BOMJPIETVODKU the Geomancer (OpEE)                 Turns: 17103, Time: 00:45:28

Health: -1/74      AC:  1    Str: 11    XL:     12   Next: 16%
Magic:  33/35      EV: 21    Int: 22    God:    Vehumet [****..]
Gold:   429        SH:  0    Dex: 16    Spells: 21/31 levels left

rFire    + . .     SeeInvis .   d - staff of earth
rCold    + . .     Faith    .   (no shield)
rNeg     . . .     Spirit   .   (helmet restricted)
rPois    +         Reflect  .   (no amulet)
rElec    .         Harm     .   f - ring of poison resistance
rCorr    .         Rampage  .   i - ring of magical power
Will     ++...                  n - +4 ring of evasion
Stlth    +++.......             t - ring of Nerideg {Fly rC+ Will++ Str+3 Dex+4}
HPRegen  0.22/turn              h - +4 ring of evasion
MPRegen  0.24/turn              C - ring of protection from fire
                                (no ring)
                                (no ring)

@: brilliant, flying
A: almost no armour, amphibious, 8 rings, camouflage 1, gelatinous body 1,
(nimble swimmer 1), tentacles
a: Renounce Religion


You were on level 12 of the Dungeon.
You worshipped Vehumet.
Vehumet was greatly pleased with you.
You visited 2 branches of the dungeon, and saw 13 of its levels.

You collected 906 gold pieces.
You spent 477 gold pieces at shops.

Inventory:

Hand Weapons
 a - a +0 short sword of holy wrath
 y - the +8 whip of the Eel {vorpal, rF+ rN++ Int-4 Dex+2}
   (You found it on level 6 of the Dungeon)

   It inflicts extra damage upon your enemies.
   Int:       It affects your intelligence (-4).
   Dex:       It affects your dexterity (+2).
   rF:        It protects you from fire.
   rN:        It greatly protects you from negative energy.
Missiles
 b - 293 stones
 q - 2 atropa-tipped darts
 B - a throwing net
Magical Staves
 d - a staff of earth (weapon)
Jewellery
 c - a ring of ice
 f - a ring of poison resistance (left tentacle)
 h - a +4 ring of evasion (on tentacle)
 i - a ring of magical power (right tentacle)
 n - a +4 ring of evasion (on tentacle)
 t - the ring of Nerideg (on tentacle) {Fly rC+ Will++ Str+3 Dex+4}
   (You acquired it on level 7 of the Dungeon)

   [ring of flight]

   Str:       It affects your strength (+3).
   Dex:       It affects your dexterity (+4).
   rC:        It protects you from cold.
   Fly:       It grants you flight.
   Will:      It greatly increases your willpower.
 w - a ring of ice
 C - a ring of protection from fire (on tentacle)
Wands
 j - a wand of polymorph (16)
 p - a wand of acid (12)
 u - a wand of iceblast (16)
 x - a wand of flame (29)
Scrolls
 k - 6 scrolls of identify
 o - 2 scrolls of amnesia
 s - 6 scrolls of teleportation
 v - a scroll of magic mapping
 z - a scroll of fog
 E - a scroll of blinking
 G - 2 scrolls of holy word {unknown}
 I - a scroll of fear {unknown}
Potions
 e - 2 potions of berserk rage
 g - 4 potions of cancellation
 l - 4 potions of attraction
 m - a potion of degeneration
 r - 2 potions of brilliance
 A - a potion of mutation
 F - a potion of might {unknown}
 H - a potion of lignification {unknown}
Miscellaneous
 D - a piece from Xom's chessboard (14/15)


   Skills:
 - Level 4.2 Fighting
 - Level 2.4 Dodging
 - Level 2.6 Stealth
 - Level 10.0 Spellcasting
 - Level 5.8 Conjurations
 - Level 1.0 Hexes
 * Level 10.2 Transmutations
 - Level 10.7 Earth Magic


You had 21 spell levels left.
You knew the following spells:

 Your Spells              Type           Power      Damage    Failure   Level
a - Sandblast             Erth           100%       2d20      1%          1
b - Passwall              Tmut/Erth      75%        N/A       1%          2
c - Stone Arrow           Conj/Erth      100%       3d13      1%          3
d - Leda's Liquefaction   Hex/Erth       35%        N/A       5%          4

Your spell library contained the following spells:

 Spells                   Type           Power      Damage    Failure   Level
 Lee's Rapid Deconstruct  Erth           46%        3d23*     1%          5
 Beastly Appendage        Tmut           100%       N/A       1%          1
 Petrify                  Tmut/Erth      91%        N/A       1%          4
 Spider Form              Tmut/Pois      25%        N/A       2%          3
 Blade Hands              Tmut           35%        N/A       2%          5
 Iskenderun's Battlesphe  Conj           53%        2d10      4%          5
 Blink                    Tloc           N/A        N/A       9%          2
 Iron Shot                Conj/Erth      41%        9d8       9%          6
 Statue Form              Tmut/Erth      60%        N/A       13%         6
 Portal Projectile        Hex/Tloc       38%        N/A       14%         3
 Call Canine Familiar     Summ           16%        N/A       19%         3
 Gell's Gravitas          Tloc           8%         N/A       19%         3
 Lesser Beckoning         Tloc           8%         N/A       19%         3
 Ozocubu's Armour         Ice            16%        N/A       19%         3
 Teleport Other           Tloc           16%        N/A       19%         3
 Passage of Golubria      Tloc           N/A        N/A       52%         4
 Metabolic Englaciation   Hex/Ice        9%         N/A       80%         5
 Silence                  Hex/Air        9%         N/A       80%         5
 Excruciating Wounds      Necr           8%         N/A       86%         5
 Manifold Assault         Tloc           16%        N/A       86%         5
 Lehudib's Crystal Spear  Conj/Erth      41%        10d10     95%         8
 Spellforged Servitor     Conj/Summ      17%        N/A       97%         7
 Dispersal                Tloc           8%         N/A       100%        6
 Ozocubu's Refrigeration  Ice            8%         4d6       100%        7


Dungeon Overview and Level Annotations

Branches:
Dungeon (12/15)            Temple (1/1) D:7            Lair (0/6) D:11
    Orc (0/2) D:9

Altars:
Ashenzari
Elyvilon
Gozag
Hepliaklqana
Makhleb
Okawaru
Qazlal
Ru
Sif Muna
Trog
Uskayaw
Vehumet
Wu Jian
Xom
Beogh

Shops:
D:3 (   D:4 !   D:9 (::([   D:11 :

Portals:
Trove: D:10 (give 16 potions of curing)

Annotations:
D:10 1 runed translucent door, Malachi's ghost, novice OpVM
D:11 3 runed translucent doors, moritonal's ghost, journeyman DECj


Innate Abilities, Weirdness & Mutations

You cannot wear most types of armour.
You are amphibious.
You can wear up to eight rings at the same time.
Your skin changes colour to match your surroundings (Stealth+).
Your rubbery body absorbs attacks. (AC +1, EV +1)
((You are camouflaged near water. (Stealth+)))
You have tentacles for arms and can constrict up to eight enemies at once.


Message History

The vampire mosquito misses you.
The vampire mosquito completely misses you.
The vampire mosquito misses you. The vampire mosquito misses you.
The vampire mosquito bites you.
The vampire mosquito draws strength from your injuries!
The vampire mosquito barely misses you.
The vampire mosquito closely misses you.
The vampire mosquito completely misses you.
The vampire mosquito completely misses you.
The vampire mosquito misses you.
The vampire mosquito closely misses you.
The ground is no longer liquid beneath you.
The vampire mosquito barely misses you.
The vampire mosquito closely misses you.
The vampire mosquito bites you!
The vampire mosquito draws strength from your injuries!
The vampire mosquito bites you but does no damage.
A skeletal warrior comes into view. It is wielding a +0 hand axe.
The vampire mosquito bites you!
* * * LOW HITPOINT WARNING * * *
The vampire mosquito draws strength from your injuries!
The vampire mosquito misses you. The vampire mosquito misses you.
The vampire mosquito completely misses you.
The vampire mosquito bites you!
* * * LOW HITPOINT WARNING * * *
The vampire mosquito draws strength from your injuries!
You feel clever all of a sudden. The vampire mosquito bites you.
* * * LOW HITPOINT WARNING * * *
The vampire mosquito draws strength from your injuries!
The vampire mosquito barely misses you.
Aiming: Stone Arrow (safe; 1% risk of failure)
Press: ? - help, Q - select action, (/) - cycle Shift-Dir - straight line, f/p - gargoyle
Aim: a gargoyle, wielding a +0 mace (89% to hit)
You feel a strong surge of power!
The stone arrow hits the vampire mosquito!!
The vampire mosquito is severely damaged.
The vampire mosquito bites you!
You die...

#.# #.# #.# #.#
#.# #.########
#.# #.......<#
#.# ##########
#.###############
#...............#
###############.#
#@# #y# #y#
########z#
........9#
#######.z# #..#
#.z# #..#


You could see 3 skeletal warriors, 2 vampire mosquitoes and a gargoyle.

Vanquished Creatures
  Harold (D:7)
  A manticore (D:11)
  Joseph (D:7)
  An unseen horror (D:10)
  Sigmund (D:4)
  A shadow (D:9)
  2 wyverns
  28 yaks
  A wraith (D:11)
  A vampire mosquito (D:12)
  An acid dragon (D:11)
  4 water moccasins
  3 black bears
  2 sky beasts
  22 orc warriors
  An ice beast (D:6)
  A hornet zombie (D:6)
  A necrophage (D:7)
  5 ogres
  7 centaurs
  A kobold brigand (D:7)
  2 bullfrogs
  A gnoll sergeant (D:8)
  2 scorpions
  A water moccasin zombie (D:5)
  A water moccasin skeleton (D:5)
  16 killer bees
  5 wights (D:10)
  5 howler monkeys
  2 electric eels (D:10)
  A bullfrog zombie (D:5)
  2 centaur zombies
  2 hounds
  3 jellies
  A centaur skeleton (D:7)
  10 orc priests
  A bullfrog skeleton (D:5)
  2 gnoll shamans
  6 iguanas
  Terence (D:3)
  Natasha (thrice) (D:2)
  14 orc wizards
  A hound skeleton (D:4)
  A howler monkey zombie (D:8)
  11 gnolls
  8 adders
  A white imp (D:7)
  An ufetubus (D:5)
  2 worms (D:4)
  4 dart slugs
  84 orcs
  6 ball pythons
  12 endoplasms
  8 goblins
  7 hobgoblins
  3 jackals (D:3)
  4 quokkas
  A bat (D:1)
  A frilled lizard (D:1)
  11 kobolds
  4 rats
337 creatures vanquished.

Vanquished Creatures (others)
  2 fungi (D:11)
  20 plants
22 creatures vanquished.

Grand Total: 359 creatures vanquished

Notes
Turn   | Place    | Note
-------+----------+-------------------------------------------
     0 | D:1      | BOMJPIETVODKU the Octopode Earth Elementalist began the
                  | quest for the Orb.
     0 | D:1      | Reached XP level 1. HP: 11/11 MP: 3/3
   424 | D:1      | Reached XP level 2. HP: 17/17 MP: 5/5
   465 | D:1      | Found a faded altar of an unknown god.
  1092 | D:1      | Reached XP level 3. HP: 5/21 MP: 6/6
  1698 | D:2      | Noticed Natasha
  1702 | D:2      | Killed Natasha
  1703 | D:2      | Reached XP level 4. HP: 27/27 MP: 5/7
  1709 | D:2      | Noticed Natasha
  1714 | D:2      | Killed Natasha
  1895 | D:2      | Noticed Natasha
  1900 | D:2      | Reached skill level 1 in Conjurations
  1998 | D:2      | Killed Natasha
  1999 | D:2      | Reached XP level 5. HP: 17/31 MP: 9/9
  2576 | D:3      | Noticed Terence
  2584 | D:3      | Killed Terence
  2585 | D:3      | Reached skill level 5 in Earth Magic
  2768 | D:3      | Found Goweck's Weapon Boutique.
  2968 | D:4      | Noticed Sigmund
  2981 | D:4      | Killed Sigmund
  2982 | D:4      | Reached XP level 6. HP: 36/36 MP: 12/12
  3008 | D:4      | Found Zaxkina's Distillery.
  3077 | D:4      | Learned a level 2 spell: Passwall
  3085 | D:4      | Bought a potion of heal wounds for 65 gold pieces
  3085 | D:4      | Bought a potion of brilliance for 52 gold pieces
  3187 | D:4      | Learned a level 3 spell: Stone Arrow
  3193 | D:4      | Reached XP level 7. HP: 34/41 MP: 12/13
  3745 | D:5      | Entered Level 5 of the Dungeon
  3794 | D:5      | Reached skill level 5 in Spellcasting
  4000 | D:5      | Reached XP level 8. HP: 46/46 MP: 16/16
  4322 | D:5      | Noticed a yak
  4322 | D:5      | Noticed a yak
  4322 | D:5      | Noticed a yak
  4323 | D:5      | Noticed a yak
  4329 | D:5      | Killed a yak
  4335 | D:5      | Killed a yak
  4336 | D:5      | Reached skill level 1 in Fighting
  4338 | D:5      | Killed a yak
  4572 | D:5      | Killed a yak
  4792 | D:5      | Reached XP level 9. HP: 54/54 MP: 19/19
  5619 | D:6      | Found a radiant altar of Vehumet.
  5977 | D:6      | Identified the +8 whip of the Eel {vorpal, rF+ rN++ Int-4
                  | Dex+2}
  6626 | D:6      | Became a worshipper of Vehumet
  6975 | D:7      | Learned a level 4 spell: Leda's Liquefaction
  7278 | D:7      | Noticed Joseph
  7287 | D:7      | Killed Joseph
  7288 | D:7      | Reached skill level 1 in Hexes
  7288 | D:7      | Reached XP level 10. HP: 46/63 MP: 17/22
  7361 | D:7      | Identified a scroll of acquirement
  7361 | D:7      | Acquired the ring of Nerideg {Fly rC+ Will++ Str+3 Dex+4}
  7531 | D:7      | Reached * piety under Vehumet
  7531 | D:7      | Offered knowledge of Freeze by Vehumet.
  7646 | D:7      | Found a staircase to the Ecumenical Temple.
  7649 | D:7      | Noticed Harold
  7660 | D:7      | Killed Harold
  7674 | Temple   | Entered the Ecumenical Temple
  8279 | D:8      | Reached skill level 5 in Conjurations
  8999 | D:8      | Reached skill level 10 in Earth Magic
  9096 | D:8      | Offered knowledge of Magic Dart by Vehumet.
  9099 | D:8      | Reached ** piety under Vehumet
 10244 | D:9      | Found Zoysig's Antique Weapon Boutique.
 10244 | D:9      | Found Iladwoc's Book Shoppe.
 10818 | D:9      | Found Qahinuf's Antique Armour Shoppe.
 10874 | D:9      | Found a staircase to the Orcish Mines.
 10880 | D:9      | Reached XP level 11. HP: 10/69 MP: 9/24
 10882 | D:9      | Offered knowledge of Searing Ray by Vehumet.
 11344 | D:9      | Found Waotoeps's Book Boutique.
 11349 | D:9      | Bought a book of Sloth for 360 gold pieces
 11574 | D:9      | Reached skill level 10 in Spellcasting
 11655 | D:9      | Found Xyul's Antique Weapon Shoppe.
 11722 | D:10     | Entered Level 10 of the Dungeon
 12258 | D:10     | Found a portal to a secret trove of treasure.
 12343 | D:10     | Reached *** piety under Vehumet
 12394 | D:10     | Found a runed translucent door.
 12394 | D:10     | Found a shimmering altar of Xom.
 12394 | D:10     | Noticed Malachi's ghost (novice OpVM)
 12394 | D:10     | Noticed a +0 scimitar of chaos
 13353 | D:10     | Reached skill level 5 in Transmutations
 13943 | D:10     | Offered knowledge of Iskenderun's Mystic Blast by Vehumet.
 14292 | D:11     | Noticed moritonal's ghost (journeyman DECj)
 14292 | D:11     | Noticed a fire giant
 14292 | D:11     | Noticed a manticore
 14293 | D:11     | Noticed a two-headed ogre
 14669 | D:11     | Reached **** piety under Vehumet
 14686 | D:11     | Offered knowledge of Lee's Rapid Deconstruction by Vehumet.
 14763 | D:11     | HP: 2/69 [orc warrior (17)]
 14834 | D:10     | HP: 2/69 [orc warrior (28)]
 15186 | D:11     | Found a staircase to the Lair.
 15521 | D:11     | Found Teask's Self-Improvement Boutique.
 15855 | D:11     | Found a runed translucent gate.
 15855 | D:11     | Found a runed translucent gate.
 15858 | D:11     | Found a runed translucent gate.
 15869 | D:11     | Got Giass's Volume of Glacial Transmigration
 15926 | D:11     | Noticed a manticore
 15930 | D:11     | Killed a manticore
 16071 | D:11     | Reached XP level 12. HP: 74/74 MP: 26/26
 16504 | D:11     | Reached skill level 10 in Transmutations
 17103 | D:12     | Slain by a vampire mosquito

Illustrated notes

Levels and vault maps discovered:
D:1:      minmay_arrival_glassed_features, layout_loops_ring,
          shapermc_ecumenical_altar_totnotflames, minmay_misc_feat_diagonals
D:2:      layout_rooms, uniq_natasha
D:3:      layout_rooms, serial_shops, nicolae_shop_waterfront,
          guppyfry_early_lair_pool, uniq_terence
D:4:      layout_loops_ring, serial_shops, nicolae_shop_window_shopping,
          uniq_sigmund
D:5:      layout_cave_pods, grunt_ministairs_10, minmay_misc_feat_room
D:6:      layout_basic, nicolae_vehumet_radiance, moated_statue
D:7:      layout_loops_ring, minmay_temple_entry_slanted, chequers_avenue,
          uniq_harold, uniq_joseph
D:8:      layout_basic, special_room [special_room_orc]
D:9:      layout_cave_pools, erik_orc_3, serial_shops, shop_fountains, shop,
          nicolae_shop_behind_doors,
          nicolae_shop_temple_entry_statues_fountains, kennysheep_little_box
D:10:     layout_basic, ebering_ghost_xom, nicolae_trove_entry_isolated
D:11:     layout_roguey [special_room_orc], minmay_lair_entry_grove,
          special_room [special_room_orc], gammafunk_ghost_split,
          nicolae_shop_self_help
D:12:     layout_basic, gammafunk_ghost_abyssal_escape, serial_shops,
          nicolae_shop_temple_entry_statues_fountains
Temple:   dpeg_three_leaves_temple

Skill      XL: |  1  2  3  4  5  6  7  8  9 10 11 12 |
---------------+-------------------------------------+-----
Earth Magic    | 4 5 6 7 9 10 | 10.7
Conjurations   | 1 2 3 4 5 |  5.8
Spellcasting   | 3 4 5 7 8 9 10 | 10.0
Fighting       | 1 3 4 |  4.2
Hexes          | 1 |  1.0
Transmutations | 9 10 | 10.2
Dodging        | |  2.4
Stealth        | |  2.6

Action                   |  1- 3 |  4- 6 |  7- 9 | 10-12 || total
-------------------------+-------+-------+-------+-------++-------
Melee: Short sword       |     6 |       |       |       ||     6
       Staff             |    38 |    10 |    32 |    70 ||   150
       Constrict         |     7 |     3 |     6 |    18 ||    34
       Tentacles         |     4 |     2 |     5 |    17 ||    28
 Cast: Sandblast         |    21 |    45 |    64 |    13 ||   143
       Stone Arrow       |       |     2 |    44 |   323 ||   369
       Passwall          |       |     1 |       |       ||     1
       Leda's Liquefacti |       |       |     4 |    20 ||    24
Evoke: Wand              |       |       |       |     5 ||     5
       Piece from Xom's  |       |       |       |     2 ||     2
  Use: Scroll            |       |     9 |     2 |     5 ||    16
       Potion            |       |       |       |     9 ||     9
 Stab: Sleeping          |     6 |     2 |     2 |     1 ||    11
Armor: Skin              |     7 |     2 |     1 |     4 ||    14
Dodge: Dodged            |    27 |    17 |    39 |   210 ||   293
